 Dungeon Crawl Stone Soup version 0.23.0-28-g6fe0f4dc8b (webtiles) character file.

Game seed: 15807634625480965527

182 Peloso the Shield-Bearer (level 5, 0/46 HPs)
             Began as a Minotaur Fighter on Feb 26, 2019.
             Killed by divine providence
             ... invoked by an orc priest
              (13 damage)
             ... on level 3 of the Dungeon.
             The game lasted 00:03:33 (2016 turns).

Peloso the Shield-Bearer (Minotaur Fighter)         Turns: 2016, Time: 00:03:33

Health: 0/46       AC:  8    Str: 20    XL:     5   Next: 35%
Magic:  4/4        EV:  7    Int:  5    God:
Gold:   120        SH: 10    Dex: 11    Spells: 4/4 levels left

rFire    . . .     SeeInvis .   a - +0 long sword
rCold    . . .     Gourm    .   c - +0 shield
rNeg     . . .     Faith    .   b - +0 scale mail
rPois    .         Spirit   .   (helmet restricted)
rElec    .         Reflect  .   m - +0 cloak
rCorr    .         Harm     .   (no gloves)
MR       .....                  (no boots)
Stlth    ..........             (no amulet)
HPRegen  0.15/turn              (no ring)
MPRegen  0.09/turn              (no ring)

@: no status effects
A: retaliatory headbutt, horns 2
a: no special abilities


You were on level 3 of the Dungeon.
You were very hungry.

You visited 1 branch of the dungeon, and saw 3 of its levels.

You collected 120 gold pieces.

Inventory:

Hand Weapons
 a - a +0 long sword (weapon)
Armour
 b - a +0 scale mail (worn)
 c - a +0 shield (worn)
 m - a +0 cloak (worn)
Scrolls
 h - a scroll of remove curse
 i - a scroll of noise {unknown}
 j - 2 scrolls of identify {unknown}
 k - a scroll of immolation {unknown}
 l - a scroll of enchant weapon {unknown}
 p - a scroll of enchant armour {unknown}
 q - 2 scrolls of teleportation {unknown}
 r - a scroll of fog {unknown}
 s - a scroll of magic mapping {unknown}
 t - 2 scrolls of random uselessness {unknown}
Potions
 d - a potion of might
 e - a potion of lignification {unknown}
 g - a potion of flight {unknown}
 n - 3 potions of curing {unknown}
 o - 2 potions of haste {unknown}
Comestibles
 f - 8 rations


   Skills:
 + Level 4.1 Fighting
 + Level 4.3 Long Blades
 + Level 4.9 Armour
 + Level 0.5 Dodging
 + Level 4.9 Shields


You had 4 spell levels left.
You didn't know any spells.
Your spell library was empty.

Dungeon Overview and Level Annotations

Branches:
Dungeon (3/15)

Altars:
Ashenzari
Makhleb
Sif Muna
Trog

Annotations:
D:3 1 runed translucent door, Denreik's ghost, amateur GnEE


Innate Abilities, Weirdness & Mutations

You reflexively headbutt those who attack you in melee.
You have a pair of horns on your head.


Message History

The orc hits you but does no damage.
The orc priest calls down the wrath of Beogh upon you.
Beogh smites you!
* * * LOW HITPOINT WARNING * * *
Items here: )) [[ †† You block the orc's attack.
The orc priest casts a cantrip, but nothing happens.
Okay, then.
As you read the scroll labeled LEADWIGGOSH, it crumbles to dust.
You feel blessed for a moment.
It was a scroll of remove curse.
You block the orc's attack.
You closely miss the orc priest. You block the orc's attack.
You block the orc's attack. The orc priest completely misses you.
You slash the orc!
You kill the orc!
You block the orc priest's attack.
You closely miss the orc priest.
The orc priest calls down the wrath of Beogh upon you.
Beogh smites you!
You die...

#.# #..........#
###.###.####....#.###.#
#...<....†........# #.#
...###.####...#### #.#
#.####...## #.# #.........#
#.### ######....#####.... .
#.†......o......##
....###.####..)@####....# .
>.............).####.##....
..............#...o).%.....
#.............#######.###..
#.............# ..
############### ##


You could see an orc priest.

Vanquished Creatures
  3 gnolls (D:2)
  7 adders
  An ooze (D:2)
  2 worms
  2 dart slugs
  A leopard gecko (D:3)
  4 orcs (D:3)
  4 giant cockroaches
  7 goblins
  8 hobgoblins
  7 jackals
  2 quokkas (D:2)
  8 bats
  4 frilled lizards
  7 kobolds
  6 rats
  A plant (D:2)
74 creatures vanquished.

Notes
Turn   | Place    | Note
-------+----------+-------------------------------------------
     0 | D:1      | Peloso the Minotaur Fighter began the quest for the Orb.
     0 | D:1      | Reached XP level 1. HP: 19/19 MP: 0/0
    74 | D:1      | Reached XP level 2. HP: 26/27 MP: 1/1
   782 | D:1      | Reached XP level 3. HP: 33/33 MP: 2/2
  1276 | D:2      | Reached XP level 4. HP: 39/40 MP: 3/3
  1422 | D:2      | Found a bloodstained altar of Trog.
  1425 | D:2      | Found a burning altar of Makhleb.
  1427 | D:2      | Found a shattered altar of Ashenzari.
  1665 | D:2      | Found a deep blue altar of Sif Muna.
  1800 | D:3      | Found a runed translucent door.
  1800 | D:3      | Noticed Denreik's ghost (amateur GnEE)
  1818 | D:3      | Reached XP level 5. HP: 41/46 MP: 4/4
  2016 | D:3      | Killed from afar by an orc priest

Skill      XL: |  1  2  3  4 |
---------------+-------------+-----
Armour         | 4 |  4.9
Shields        | 4 |  4.9
Long Blades    | 3 4 |  4.3
Fighting       | 4 |  4.1
Dodging        | |  0.5

Action                   |  1- 3 |  4- 6 || total
-------------------------+-------+-------++-------
Melee: Long sword        |    80 |   131 ||   211
       Headbutt          |     9 |    22 ||    31
  Use: Scroll            |       |     1 ||     1
  Eat: Chunk             |     1 |     2 ||     3
Armor: Scale mail        |    48 |    58 ||   106
Dodge: Dodged            |    27 |    60 ||    87
Block: Shield            |    46 |    73 ||   119
       Rpst.: Long sword |     8 |    14 ||    22
